 Dungeon Crawl Stone Soup version 0.22-a0-247-gbddf880 (webtiles) character file.

1087 rb the Cleaver (level 8, -7/64 HPs)
             Began as a Hill Orc Monk on Feb 23, 2018.
             Was a Believer of Okawaru.
             Mangled by a hornet (9 damage)
             ... while paralysed by a hornet
             ... on level 6 of the Dungeon.
             The game lasted 00:13:25 (4595 turns).

rb the Cleaver (Hill Orc Monk)                      Turns: 4595, Time: 00:13:26

Health: -7/64      AC:  7    Str: 16    XL:     8   Next: 30%
Magic:  8/8        EV:  2    Int: 10    God:    Okawaru [**....]
Gold:   234        SH:  0    Dex: 13    Spells: 7/7 levels left

rFire    . . .     SeeInvis .   a - +1 hand axe
rCold    . . .     Gourm    .   (no shield)
rNeg     . . .     Faith    .   f - +0 ring mail
rPois    .         Spirit   .   B - +0 helmet
rElec    .         Reflect  .   r - +0 cloak
rCorr    .         Harm     .   (no gloves)
MR       +....                  (no boots)
Stlth    +.........             (no amulet)
HPRegen  0.20/turn              F - ring of protection from magic
MPRegen  0.11/turn              l - +4 ring of slaying

@: paralysed, lethally poisoned (-7 -> -27), slowed
A: no striking features
a: Heroism, Renounce Religion


You were on level 6 of the Dungeon.
You worshipped Okawaru.
Okawaru was pleased with you.
You were not hungry.

You visited 2 branches of the dungeon, and saw 7 of its levels.
You also visited: Sewer.

You collected 234 gold pieces.

Inventory:

Hand Weapons
 a - a +1 hand axe (weapon)
 b - a +3 mace
Missiles
 e - 130 stones
 h - 2 tomahawks (quivered)
Armour
 f - a +0 ring mail (worn)
 j - a +0 robe
 r - a +0 cloak (worn)
 v - a +0 chain mail
 x - a +0 scale mail
 B - a +0 helmet (worn)
Jewellery
 g - an uncursed ring of positive energy
 l - a +4 ring of slaying (right hand)
 t - an uncursed ring of wizardry
 z - an uncursed ring of protection from fire
 F - a ring of protection from magic (left hand)
Scrolls
 d - 3 scrolls of identify
 n - 3 scrolls of teleportation
 u - a scroll of enchant weapon
 y - 2 scrolls of remove curse
 A - a scroll of amnesia
 C - 3 scrolls of fear
Potions
 i - a potion of haste
 k - 4 potions of might {unknown}
 m - 6 potions of curing
 o - a potion of ambrosia {unknown}
 p - a potion of flight {unknown}
 q - 4 potions of lignification {unknown}
 s - a potion of berserk rage {unknown}
 w - 2 potions of agility {unknown}
 D - 3 potions of heal wounds {unknown}
 E - a potion of magic {unknown}
Comestibles
 c - 8 rations {@e1}


   Skills:
 - Level 3.6 Fighting
 + Level 12.6 Axes
 - Level 2.4 Dodging
 - Level 1.5 Stealth


You had 7 spell levels left.
You didn't know any spells.

Dungeon Overview and Level Annotations

Branches:
Dungeon (6/15)             Temple (1/1) D:4

Altars:
Cheibriados
Dithmenos
Elyvilon
Fedhas
Gozag
Hepliaklqana
Kikubaaqudgha
Makhleb
Nemelex Xobeh
Okawaru
Qazlal
Ru
Sif Muna
Trog
Uskayaw
Vehumet
Wu Jian
Xom
Yredelemnul
Zin


Message History

You hit the hornet but do no damage. The hornet stings you!
You are poisoned.
You feel as though you will be slow longer.
The hornet stings you.
You feel as though you will be slow longer.
You take 17 damage, and have 29/64 hp.
MASSIVE DAMAGE!!
You fail to use your ability.
You feel sick. The hornet stings you.
You are more poisoned.
You suddenly lose the ability to move!
The hornet stings you!
* * * LOW HITPOINT WARNING * * *
You feel as though you will be slow longer.
* * * LOW HITPOINT WARNING * * *
You feel sick. The hornet stings you.
* * * LOW HITPOINT WARNING * * *
You are more poisoned.
You feel as though you will be slow longer.
The hornet stings you!
You die...

..........#
#..........#
#####.#####
#..........#
#.#
#..........#
#..
#...........
##........#.
#####...####..
#.......# #
####.####..#
#Zy@.# #..#
#..#### ##.#
%...# ..
.....# ..#
..... ..# ....
... ...


You could see a hornet and a jackal skeleton.

Vanquished Creatures
  The ghost of doggme the Slasher, an amateur DrCK of Xom (D:3)
  3 big kobolds (Sewer)
  Blork the orc (D:4)
  A scorpion (D:4)
  A howler monkey (D:5)
  A crimson imp (D:5)
  A bullfrog zombie (D:5)
  2 hounds (D:5)
  2 orc priests (D:4)
  Natasha (thrice) (D:2)
  2 worker ants
  A howler monkey zombie (D:5)
  4 gnolls
  7 adders
  4 river rats (Sewer)
  2 shadow imps (D:5)
  2 oozes (Sewer)
  6 worms
  3 dart slugs
  6 leopard geckos
  7 orcs
  6 ball pythons
  7 bats
  3 giant cockroaches
  3 hobgoblins
  10 jackals
  A quokka (D:6)
  4 frilled lizards
  3 goblins
  6 kobolds
  2 leopard gecko skeletons (D:4)
  A leopard gecko zombie (D:6)
  5 rats (Sewer)
111 creatures vanquished.

Notes
Turn   | Place    | Note
-------+----------+-------------------------------------------
     0 | D:1      | rb the Hill Orc Monk began the quest for the Orb.
     0 | D:1      | Reached XP level 1. HP: 19/19 MP: 1/1
    84 | D:1      | Reached XP level 2. HP: 19/26 MP: 2/2
   112 | D:1      | Reached skill level 5 in Axes
   361 | D:1      | Reached XP level 3. HP: 6/31 MP: 3/3
  1045 | D:2      | Noticed Natasha
  1056 | D:2      | Killed Natasha
  1056 | D:2      | Reached skill level 6 in Axes
  1056 | D:2      | Reached XP level 4. HP: 14/39 MP: 4/4
  1774 | D:2      | Noticed Natasha
  1780 | D:2      | Killed Natasha
  1780 | D:2      | Reached skill level 7 in Axes
  1869 | D:2      | Noticed Natasha
  1873 | D:2      | Killed Natasha
  1873 | D:2      | Reached XP level 5. HP: 45/45 MP: 5/5
  2014 | D:3      | Noticed doggme's ghost (amateur DrCK)
  2037 | D:3      | Killed doggme's ghost
  2037 | D:3      | Reached skill level 9 in Axes
  2037 | D:3      | Reached XP level 6. HP: 33/51 MP: 6/6
  2070 | D:3      | Found a bloodstained altar of Trog.
  2758 | D:4      | Noticed Blork the orc
  2771 | D:4      | Killed Blork the orc
  2771 | D:4      | Reached skill level 10 in Axes
  2771 | D:4      | Reached XP level 7. HP: 30/57 MP: 7/7
  2792 | D:4      | Found a staircase to the Ecumenical Temple.
  2801 | Temple   | Entered the Ecumenical Temple
  2835 | Temple   | Became a worshipper of Warmaster Okawaru
  2835 | Temple   | Reached * piety under Okawaru
  2835 | Temple   | Reached ** piety under Okawaru
  3017 | D:4      | Found a basalt altar of Yredelemnul.
  3414 | D:5      | Entered Level 5 of the Dungeon
  3449 | D:5      | Found a glowing drain.
  3494 | Sewer    | Entered a sewer
  3547 | Sewer    | Reached skill level 11 in Axes
  3861 | Sewer    | Reached XP level 8. HP: 64/64 MP: 8/8
  4070 | D:5      | Reached skill level 12 in Axes
  4227 | D:5      | Found a blossoming altar of Fedhas.
  4228 | D:5      | Found a shimmering altar of Xom.
  4228 | D:5      | Found a white marble altar of Elyvilon.
  4229 | D:5      | Found a sacrificial altar of Ru.
  4588 | D:6      | Noticed a hornet
  4594 | D:6      | Paralysed by a hornet for 2 turns
  4595 | D:6      | HP: 2/64 [hornet (5)]
  4595 | D:6      | Mangled by a hornet

Vault maps used:
D:1:      tarquinn_simple_flora_water_d
D:2:      lemuel_upstairs_altar, uniq_natasha
D:3:      lemuel_tele_altar
D:4:      minmay_temple_entry_hall, first_ration, yredelemnul_altar_generic,
          uniq_blork_the_orc
D:5:      chequers_temple_overflow_statue_of_worship,
          cheibrodos_sewer_entry_drain
Temple:   regret_index_temple_sphere_string
Sewer:    sewer_co_tree

Skill      XL: |  1  2  3  4  5  6  7  8 |
---------------+-------------------------+-----
Axes           | 5 6 7 9 10 11 12 | 12.6
Fighting       | |  3.6
Dodging        | |  2.4
Stealth        | |  1.5

Action                   |  1- 3 |  4- 6 |  7- 9 || total
-------------------------+-------+-------+-------++-------
Melee: Hand axe          |    79 |   116 |   253 ||   448
  Use: Scroll            |     5 |     4 |     1 ||    10
       Potion            |       |     1 |       ||     1
 Stab: Distracted        |       |       |     1 ||     1
  Eat: Chunk             |       |     6 |     6 ||    12
Armor: Robe              |    11 |       |       ||    11
       Ring mail         |    12 |    39 |    61 ||   112
Dodge: Dodged            |    54 |    54 |    94 ||   202

Table legend:
 A = Spawn XP
 B = Non-spawn XP
 C = Spawn XP percentage of total XP
 D = Spawn monster count
 E = Non-spawn monster count
 F = Spawn count percentage of total count
 G = Total turns spent on level
                    A         B        C        D         E        F      G
               +---------+---------+-------+---------+---------+-------+---------
         Total |       0 |    1553 |   0.0 |       0 |     111 |   0.0 |  4595
               +---------+---------+-------+---------+---------+-------+---------
           D:1 |       0 |      48 |   0.0 |       0 |      17 |   0.0 |   691
           D:2 |       0 |     141 |   0.0 |       0 |       9 |   0.0 |  1182
           D:3 |       0 |     270 |   0.0 |       0 |      18 |   0.0 |   803
           D:4 |       0 |     273 |   0.0 |       0 |      12 |   0.0 |   575
           D:5 |       0 |     344 |   0.0 |       0 |      23 |   0.0 |   598
           D:6 |       0 |      37 |   0.0 |       0 |       4 |   0.0 |    57
         Sewer |       0 |     440 |   0.0 |       0 |      28 |   0.0 |   526
               +---------+---------+-------+---------+---------+-------+---------
